 Dungeon Crawl Stone Soup version 0.26-a0-639-g72c4674329 (webtiles) character file.

Game seed: 7786734774849023191

23 Lanoc the Caller (level 2, -1/19 HPs)
             Began as a Demonspawn Summoner on Sept 26, 2020.
             Slain by a centaur skeleton (6 damage)
             ... on level 4 of the Dungeon.
             The game lasted 00:02:26 (1159 turns).

Lanoc the Caller (Demonspawn Summoner)              Turns: 1159, Time: 00:02:26

Health: -1/19      AC:  2    Str:  8    XL:     2   Next: 72%
Magic:  2/5        EV: 12    Int: 16    God:
Gold:   10         SH:  0    Dex: 13    Spells: 2/5 levels left

rFire    . . .     SeeInvis .   (no weapon)
rCold    + . .     Faith    .   (no shield)
rNeg     . . .     Spirit   .   a - +0 robe
rPois    .         Reflect  .   (helmet restricted)
rElec    .         Harm     .   (no cloak)
rCorr    .         Rampage  .   (no gloves)
MR       .....                  (no boots)
Stlth    ++........             h - amulet of regeneration
HPRegen  0.46/turn              f - ring of protection from cold
MPRegen  0.09/turn              (no ring)

@: no status effects
A: horns 1
a: no special abilities


You were on level 4 of the Dungeon.
You visited 1 branch of the dungeon, and saw 4 of its levels.

You collected 10 gold pieces.

Inventory:

Armour
 a - a +0 robe (worn)
Jewellery
 f - a ring of protection from cold (left hand)
 h - an amulet of regeneration (around neck)
Scrolls
 k - 3 scrolls of identify {unknown}
Potions
 c - a potion of degeneration {unknown}
 e - a potion of curing {unknown}
 j - a potion of might {unknown}


   Skills:
 + Level 2.2 Dodging
 - Level 1.7 Stealth
 - Level 2.0 Spellcasting
 * Level 4.6 Summonings


You had 2 spell levels left.
You knew the following spells:

 Your Spells              Type           Power        Failure   Level
a - Summon Small Mammal   Summ           ###.         3%          1
b - Call Imp              Summ           ###.....     4%          2

Your spell library contained the following spells:

 Spells                   Type           Power        Failure   Level
 Call Canine Familiar     Summ           ###.....     10%         3
 Summon Guardian Golem    Hex/Summ       #.......     24%         3
 Summon Ice Beast         Ice/Summ       #.......     63%         4
 Summon Lightning Spire   Summ/Air       #.......     63%         4


Dungeon Overview and Level Annotations

Branches:
Dungeon (4/15)
 Temple: D:4-7

Altars:
Kikubaaqudgha
Wu Jian

Annotations:
D:3 Grinder


Innate Abilities, Weirdness & Mutations

You have a pair of small horns on your head.


Message History

Your crimson imp is unaffected.
It was a scroll of fear.
Your crimson imp hits the iguana but does no damage.
Your crimson imp's attack snaps the iguana out of its fear.
An orc comes into view. It is wielding a +0 hand axe.
The orc shouts!
You see here a pair of boots.
As you read the scroll labeled KEOR VEJOEREH, it crumbles to dust.
You feel blessed for a moment.
It was a scroll of remove curse.
The centaur skeleton barely misses you. The orc closely misses you.
Your crimson imp blinks!
As you read the scroll labeled AGASHR QAEXI, it crumbles to dust.
The scroll dissolves into smoke.
It was a scroll of fog.
The centaur skeleton hits you.
The orc hits you with a +2 vorpal hand axe.
* * * LOW HITPOINT WARNING * * *
Press: ? - help, Dir - move target cursor
As you read the scroll labeled CECULE QUED QIUPN, it crumbles to dust.
It was a scroll of blinking.
The centaur skeleton hits you.
You die...

.≈≈≈≈..##.###..#.#######
≈≈≈≈≈...#......5........
.≈.≈..⌠...####...#######
...........####..##.#
.........#..........#
.......###.####.>##.#
.......# # ##l# #
.......# #.# .......#
#@# .......# #Z# #§# #o#
#o# ... #.# ... #.#


You could see an iguana, a centaur skeleton and a friendly crimson imp
(summoned).

Vanquished Creatures
  2 bats
  A kobold (D:1)
  A frilled lizard (D:2)
4 creatures vanquished.

Vanquished Creatures (collateral kills)
  2 adders
  A leopard gecko (D:3)
  3 bats
  2 giant cockroaches
  A hobgoblin (D:1)
  2 jackals (D:2)
  A quokka (D:3)
12 creatures vanquished.

Vanquished Creatures (others)
  4 toadstools (D:1)
4 creatures vanquished.

Grand Total: 20 creatures vanquished

Notes
Turn   | Place    | Note
-------+----------+-------------------------------------------
     0 | D:1      | Lanoc the Demonspawn Summoner began the quest for the Orb.
     0 | D:1      | Reached XP level 1. HP: 13/13 MP: 3/3
     2 | D:1      | Noticed a dwarf
     2 | D:1      | Noticed a gargoyle
     4 | D:1      | Noticed a tengu
     4 | D:1      | Noticed an octopode
     6 | D:1      | Noticed a troll
     8 | D:1      | Noticed a spriggan
    10 | D:1      | Noticed a draconian
    10 | D:1      | Noticed an elf
    12 | D:1      | Noticed a formicid
    12 | D:1      | Noticed a naga
    14 | D:1      | Noticed a halfling
    16 | D:1      | Noticed a human
    16 | D:1      | Noticed a minotaur
    18 | D:1      | Noticed a ghoul
    18 | D:1      | Noticed a vampire
    20 | D:1      | Noticed a felid
    20 | D:1      | Noticed a merfolk
    22 | D:1      | Noticed an ogre
    22 | D:1      | Noticed a demonspawn
    24 | D:1      | Noticed a vine stalker
    26 | D:1      | Noticed a demigod
    26 | D:1      | Noticed a centaur
   566 | D:1      | You fall into a shaft and drop 1 floor!
   796 | D:3      | Gained mutation: You have a pair of small horns on your
                  | head. [demonic ancestry]
   796 | D:3      | Reached XP level 2. HP: 12/19 MP: 1/5
   803 | D:3      | Learned a level 2 spell: Call Imp
   995 | D:3      | Noticed Grinder
   997 | D:3      | Found an ornate altar of the Wu Jian Council.
  1020 | D:4      | Found an ancient bone altar of Kikubaaqudgha.
  1159 | D:4      | Slain by a centaur skeleton

Illustrated notes

Levels and vault maps discovered:
D:1:      kb_arrival_jail, layout_rooms, st_stairs_7, hex_tiny,
          minmay_crystal_water, minmay_gold_behind_fungi, serial_park_tiny_1
D:2:      layout_basic, nicolae_dithmenos_through_a_glass_darkly, serial_forest,
          infiniplex_forest_straight_4, infiniplex_forest_side_room,
          infiniplex_forest_straight_2, infiniplex_forest_3_way,
          infiniplex_forest_straight_2, infiniplex_forest_diagonal
D:3:      layout_rooms, lemuel_round_altar, kennysheep_okawaru_gauntlet,
          lemuel_zombie_altar_yredelemnul, uniq_jessica, uniq_grinder,
          uniq_robin
D:4:      layout_basic, kiku_gazebo_pond_becter

Skill      XL: |  1 |
---------------+----+-----
Dodging        | 2 |  2.2
Stealth        | |  1.7
Spellcasting   | |  2.0
Summonings     | |  4.6

Action                   || total
-------------------------++-------
Melee: Unarmed           ||    80
       Headbutt          ||     1
 Cast: Summon Small Mamm ||    22
       Call Imp          ||     6
  Use: Scroll            ||     4
 Stab: Sleeping          ||     1
Armor: Robe              ||    28
Dodge: Dodged            ||   100

Table legend: (Time is in decaauts)
 A = Elapsed time spent in this place.
 B = Non-inter-level travel time spent in this place.
 C = Inter-level travel time spent in this place.
 D = Time resting spent in this place.
 E = Time spent auto-exploring this place.
 F = Levels seen in this place.
 G = Mean time per level.
                   A        B        C        D        E       F      G
               +--------+--------+--------+--------+--------+-----+--------+
         Total |   1159 |   1159 |      0 |      0 |    871 |   4 |  289.8 |
       Dungeon |   1159 |   1159 |      0 |      0 |    871 |   4 |  289.8 |
               +--------+--------+--------+--------+--------+-----+--------+

Top non-repeatable levels by time:
     D:1: 566 daAuts
     D:3: 226 daAuts
     D:2: 214 daAuts
     D:4: 152 daAuts
